 Dungeon Crawl Stone Soup version 0.31-a0-167-g1c394c0614 (webtiles) character file.

Game seed: 7679754530571838925

42 Serulin the Digger (level 3, -2/19 HPs)
             Began as a Gargoyle Earth Elementalist on June 15, 2023.
             Slain by a worm (5 damage)
             ... on level 2 of the Dungeon.
             The game lasted 00:03:51 (2242 turns).

Serulin the Digger (Gargoyle Earth Elementalist)    Turns: 2242, Time: 00:03:53

Health: -2/19      AC:  6    Str: 11    XL:     3   Next: 56%
Magic:  4/6        EV: 12    Int: 17    God:
Gold:   1017       SH:  0    Dex: 10    Spells: 6/7 levels left

rFire   . . .        o - +4 hammer of Cheibriados, Mauling {drain, rN+}
rCold   . . .        (no shield)
rNeg    + + .        a - +0 robe
rPois   ∞            (no helmet)
rElec   +            (no cloak)
rCorr   .            (no gloves)
SInv    .            m - +0 pair of boots
Will    .....        (no amulet)
Stlth   ++           (no ring)
HPRegen 0.23/turn    (no ring)
MPRegen 0.10/turn

%: no passive effects
@: no status effects
A: sickness immunity, AC +3, negative energy resistance 1, electricity
resistance, torment resistance 1, petrification resistance
a: no special abilities


You were on level 2 of the Dungeon.
You visited 1 branch of the dungeon, and saw 3 of its levels.

You collected 1017 gold pieces.

Inventory:

Hand Weapons
 o - the +4 hammer of Cheibriados, Mauling (weapon) {drain, rN+}
   (You found it on level 2 of the Dungeon)

   rN:        It protects you from negative energy.
Missiles
 j - 2 poisoned darts
Armour
 a - a +0 robe (worn)
 m - a +0 pair of boots (worn)
Jewellery
 l - a ring of see invisible
Potions
 b - a potion of magic
 f - a potion of heal wounds
 g - a potion of brilliance
 i - a potion of attraction {unknown}


   Skills:
 - Level 1.6 Dodging
 - Level 2.3 Stealth
 + Level 2.5 Spellcasting
 + Level 1.5 Conjurations
 - Level 0.9 Transmutations
 + Level 4.2 Earth Magic


You had 6 spell levels left.
You knew the following spells:

 Your Spells              Type           Power      Damage    Failure   Level
a - Sandblast             Erth           32%        2d9       3%          1

Your spell library contained the following spells:

 Spells                   Type           Power      Damage    Failure   Level
 Passwall                 Tmut/Erth      8%         N/A       10%         2
 Stone Arrow              Conj/Erth      24%        3d8       17%         3
 Petrify                  Tmut/Erth      10%        N/A       54%         4


Dungeon Overview and Level Annotations

Branches:
Dungeon (3/15)

Altars:

Annotations:
D:2 1 runed translucent door, Crazy Yiuf
D:3 Sigmund


Innate Abilities, Weirdness & Mutations

You are immune to sickness and miasma.
Your stone body is resilient. (AC +3)
You are immune to poison.
You resist negative energy. (rN+)
You are resistant to electric shocks. (rElec)
You are resistant to unholy torment.
You are immune to petrification.


Message History

This is a scroll of acquirement!
Something appears at your feet!
You now have 1017 gold pieces (gained 952).
As you read the scroll labelled DANLE WASEIL, it crumbles to dust.
You feel strangely unstable.
It was a scroll of teleportation.
As you read the scroll labelled BACIXO ZYG ANU, it crumbles to dust.
You assume a fearsome visage.
Nothing appears to happen.
It was a scroll of fear.
As you read the scroll labelled QIYCER VUET, it crumbles to dust.
It is a scroll of identify.
f - a potion of heal wounds
As you read the scroll of identify, it crumbles to dust.
g - a potion of brilliance Your surroundings suddenly seem different.
(D) Dungeon
Where to? (Enter - D:3, ? - help)
There is a stone staircase leading down here.
You climb downwards.
Level annotation: Sigmund The worm bites you.
Sigmund hits you from afar with a +0 scythe.
There is a stone staircase leading up here.
Unknown command.
The worm bites you!
* * * LOW HITPOINT WARNING * * *
You climb upwards.
Level annotation: 1 runed translucent door, Crazy Yiuf
There is a stone staircase leading down here.
Aiming: Sandblast (safe; 3% risk of failure)
Press: ? - help, Q - select action, (/) - cycle Shift-Dir - straight line, f - worm
Aim: a worm (94% to hit)
The blast of sand hits the worm.
The worm is moderately wounded.
Aiming: Sandblast (safe; 3% risk of failure)
Press: ? - help, Q - select action, (/) - cycle Shift-Dir - straight line, f/p - worm
Aim: a worm (moderately wounded, 94% to hit)
The blast of sand hits the worm.
The worm is heavily wounded.
The worm bites you.
You die...

......#
#..######.####.#########
##....# #..##
#...............
#....####...##
#..#############
#............# #..#<.......#
#.....###..#.####..########.#
##.....# #..#.......# #.#
####.#.# #..####...## #.#
.....#.#
#..####..##########.####
######.#
#.....w@................ #
#.# #.#################.###.
# #.# #.# #.....)......†# #.
# #.# #.# #.....#####...# #.
# #.#
#.#########.####....###. #
#.# #....†..................
# #.#
###########.###########. #
#.# #....##.......... #
#.##########.#.......#######


You could see a worm.

Vanquished Creatures
  3 adders (D:2)
  2 ball pythons (D:2)
  2 endoplasms
  2 goblins (D:1)
  2 hobgoblins
  A kobold (D:1)
  2 bats (D:2)
  A rat (D:2)
15 creatures vanquished.

Notes
Turn   | Place    | Note
-------+----------+-------------------------------------------
     0 | D:1      | Serulin the Gargoyle Earth Elementalist began the quest for
                  | the Orb.
     0 | D:1      | Reached XP level 1. HP: 10/10 MP: 3/3
   589 | D:1      | Reached XP level 2. HP: 15/15 MP: 1/5
   939 | D:2      | Reached skill level 4 in Earth Magic
   974 | D:2      | Reached skill level 1 in Conjurations
  1171 | D:2      | Reached XP level 3. HP: 19/19 MP: 1/6
  1674 | D:2      | Identified the +4 hammer of Cheibriados, Mauling {drain,
                  | rN+}
  1678 | D:2      | Found a runed translucent door.
  1679 | D:2      | Noticed Crazy Yiuf
  2178 | D:3      | Noticed Sigmund
  2209 | D:2      | Identified a scroll of acquirement
  2209 | D:2      | Acquired 952 gold pieces
  2242 | D:2      | Slain by a worm

Illustrated notes

Levels and vault maps discovered:
D:1:      giann_wishing_wells, layout_basic, serial_bayou_pond_e
D:2:      layout_basic, uniq_crazy_yiuf_cottage
D:3:      layout_rooms, mainiacjoe_overflow_alcove_4, grunt_dithmenos_smoke,
          nicolae_overflow_hidden_temple, chequers_jeans, uniq_terence,
          uniq_ijyb, uniq_sigmund

Skill      XL: |  1  2 |
---------------+-------+-----
Earth Magic    | 4 |  4.2
Conjurations   | 1 |  1.5
Dodging        | |  1.6
Stealth        | |  2.3
Spellcasting   | |  2.5
Transmutations | |  0.9

Action                     || total
---------------------------++-------
  Melee: Staff             ||     9
   Cast: Sandblast         ||    25
    Use: Scroll            ||     6
 Armour: Robe              ||     5
  Dodge: Dodged            ||    14

Table legend: (Time is in decaauts)
 A = Elapsed time spent in this place.
 B = Non-inter-level travel time spent in this place.
 C = Inter-level travel time spent in this place.
 D = Time resting spent in this place.
 E = Time spent auto-exploring this place.
 F = Levels seen in this place.
 G = Mean time per level.
                   A        B        C        D        E       F      G
               +--------+--------+--------+--------+--------+-----+--------+
         Total |   2256 |   2120 |    136 |     25 |   1923 |   3 |  752.0 |
       Dungeon |   2256 |   2120 |    136 |     25 |   1923 |   3 |  752.0 |
               +--------+--------+--------+--------+--------+-----+--------+

Top non-repeatable levels by time:
     D:2: 1369 daAuts
     D:1: 881 daAuts
     D:3: 5 daAuts
